 Dungeon Crawl Stone Soup version 0.18-a0-750-g37044d6 (webtiles) character file.

96 JokEr the Skirmisher (level 4, -1/41 HPs)
             Began as a Draconian Berserker on Dec 12, 2015.
             Was a Believer of Trog.
             Slain by Grinder (3 damage)
             ... on level 3 of the Dungeon.
             The game lasted 00:04:07 (2080 turns).

JokEr the Skirmisher (Draconian Berserker)          Turns: 2080, Time: 00:04:07

Health: -1/41      AC:  5    Str: 20    XL:     4   Next: 41%
Magic:  4/4        EV: 12    Int:  7    God:    Trog [**....]
Gold:   60         SH:  0    Dex: 11    Spells: 0 memorised, 3 levels left

rFire  . . .     SeeInvis .     a - +1 hand axe
rCold  . . .     Clarity  .     (armour unavailable)
rNeg   . . .     SustAt   .     (no shield)
rPois  .         Gourm    .     (helmet restricted)
rElec  .         Spirit   .     (no cloak)
rCorr  .         Dismiss  .     (no gloves)
rMut   .         Stasis   .     (no boots)
MR     .....                    (no amulet)
Stlth  +.........               (no ring)
                                (no ring)

@: not resistant to hostile enchantments, very unstealthy
A: unfitting armour, cold-blooded, AC +5
a: Berserk, Trog's Hand, Burn Spellbooks, Renounce Religion


You were on level 3 of the Dungeon.
You worshipped Trog.
Trog was pleased with you.
You were not hungry.

You visited 1 branch of the dungeon, and saw 3 of its levels.

You collected 60 gold pieces.

Inventory:

Hand Weapons
 a - a +1 hand axe (weapon)
Wands
 h - a wand of slowing (30)
Scrolls
 c - a scroll of identify
 d - 3 scrolls of remove curse
 e - a scroll of enchant weapon
Potions
 f - a potion of curing {unknown}
 g - 2 potions of heal wounds {unknown}
 i - 3 potions of degeneration {unknown}
Comestibles
 b - 4 bread rations


   Skills:
 + Level 4.6 Fighting
 + Level 4.3 Axes
 - Level 2.6 Dodging


You had 3 spell levels left.
You didn't know any spells.

Dungeon Overview and Level Annotations

Branches:
Dungeon (3/15)

Altars:

Annotations:
D:3 Grinder


Innate Abilities, Weirdness & Mutations

Your plain brown scales are hard (AC +5).
Your body does not fit into most forms of armour.
You are cold-blooded and may be slowed by cold attacks.


Message History

Grinder drinks a potion.
Grinder seems to grow stronger.
Grinder hits you!
You writhe in agony.
Grinder barely misses you.
You can move again.
Drink which item? (? for menu, Esc to quit)
Okay, then.
You hit Grinder but do no damage.
Grinder is lightly wounded.
Grinder hits you but does no damage.
You hit Grinder but do no damage.
Grinder is lightly wounded.
Grinder barely misses you.
You hit Grinder.
Grinder is moderately wounded.
Grinder hits you!
* * * LOW HITPOINT WARNING * * *
You hit Grinder but do no damage.
Your tail-slap misses Grinder.
Grinder is moderately wounded.
Grinder hits you.
You die...

###.#######....
...............
#..............
#..............
#..............
#..............
#..........#
#######5#####
#@†...# #####.#
#.# #.# #.#####
#.#...# #.#.#.#
#.#.#.# #.#.#.#


You could see Grinder.

Vanquished Creatures
  3 adders
  A worm (D:2)
  2 giant geckos (D:2)
  A ball python (D:1)
  11 bats
  4 giant cockroaches
  7 hobgoblins
  4 jackals (D:1)
  6 kobolds
  3 quokkas
  3 giant newts (D:1)
  6 goblins
  4 rats
55 creatures vanquished.

Notes
Turn   | Place    | Note
--------------------------------------------------------------
     0 | D:1      | JokEr the Draconian Berserker began the quest for the Orb.
     0 | D:1      | Reached XP level 1. HP: 19/19 MP: 1/1
   194 | D:1      | Reached XP level 2. HP: 26/26 MP: 2/2
   430 | D:1      | Reached ** piety under Trog
   812 | D:2      | Reached XP level 3. HP: 33/33 MP: 3/3
  1187 | D:2      | Reached skill level 4 in Fighting
  1707 | D:2      | Reached XP level 4. HP: 41/41 MP: 4/4
  2042 | D:3      | Noticed Grinder
  2065 | D:3      | Paralysed by Grinder for 4 turns
  2073 | D:3      | Paralysed by Grinder for 4 turns
  2079 | D:3      | HP: 2/41 [Grinder (12)]
  2080 | D:3      | Slain by Grinder

Vault maps used:
D:1:      dpeg_arrival_round_a, minmay_misc_feat_plants, minmay_fountain_box
D:2:      minmay_door_path, first_bread, st_stairs_8
D:3:      minmay_goblin_kobold_castle, nicolae_ru_great_annihilating_truth,
          uniq_crazy_yiuf_cottage, uniq_grinder

Action                   |  1- 3 |  4- 6 || total
-------------------------+-------+-------++-------
Melee: Hand axe          |   141 |    40 ||   181
  Use: Scroll            |     6 |     1 ||     7
 Stab: Sleeping          |     1 |       ||     1
  Eat: Chunk             |     2 |     2 ||     4
